 Dungeon Sprint DCSS version 0.30.0-5-g1a98f26d00 (webtiles) character file.

Game seed: 7103772036201146225

3847 EarthwalkerPL the Severer (level 9, -19/93 HPs)
             Began as a Minotaur Fighter on May 8, 2023.
             Was a Priest of Jiyva.
             Killed from afar by a fire giant (30 damage)
             ... with a bolt of fire
             ... in the Dungeon (Sprint V: "Ziggurat Sprint").
             The game lasted 00:08:32 (427 turns).

EarthwalkerPL the Severer (Minotaur Fighter)         Turns: 427, Time: 00:08:32

Health: -19/93     AC: 30    Str: 31    XL:     9   Next: 98%
Magic:  8/8        EV: 11    Int:  5    God:    Jiyva [***...]
Gold:   0          SH: 20    Dex: 16    Spells: 8/8 levels left

rFire   . . .        D - +16 obsidian axe {drain, demonic, Mesm Drain Fly SInv}
rCold   . . .        G - +3 kite shield
rNeg    . . .        C - +15 Maxwell's patent armour {-Cast -Tele rElec Will+ rCorr}
rPois   .            (helmet restricted)
rElec   +            (no cloak)
rCorr   +            (gloves unavailable)
SInv    +            (no boots)
Will    +....        N - amulet of reflection Stlth
                     w - +6 ring of dexterity
HPRegen 1.47/turn    z - +6 ring of strength
MPRegen 0.46/turn

%: no teleportation, no spellcasting, reflection
@: flying, mesmerised
A: horns 2, retaliatory headbutt, claws 3, MP-powered wands
a: Renounce Religion, Oozemancy


You were in the Dungeon.
You worshipped Jiyva.
Jiyva was most pleased with you.
You visited 1 branch

Inventory:

Hand Weapons
 D - the +16 obsidian axe (weapon) {drain, demonic, Mesm Drain Fly SInv}
   (You found it in the Dungeon)

   Mesm:      Its wielder is mesmerised by any visible foes, and it cannot be
   unequipped while any foes are visible.
   SInv:      It lets you see invisible.
   Fly:       It grants you flight.
   Drain:     It drains your maximum health when unequipped.
 I - a +5 broad axe
 L - the +3 bardiche of Putrescence {heavy, Fly Str+3}
   (You found it in the Dungeon)

   Str:       It affects your strength (+3).
   Fly:       It grants you flight.
Armour
 C - the +15 Maxwell's patent armour (worn) {-Cast -Tele rElec Will+ rCorr}
   (You found it in the Dungeon)

   rElec:     It insulates you from electricity.
   -Cast:     It prevents spellcasting.
   -Tele:     It prevents most forms of teleportation.
   rCorr:     It protects you from acid and corrosion.
   Will:      It increases your willpower.
 E - the +18 shield of the Gong {Loud rN+ Will+ rCorr EV-5}
   (You found it in the Dungeon)

   Loud:      It is deafeningly noisy when blocking attacks.
   EV:        It affects your evasion (-5).
   rN:        It protects you from negative energy.
   rCorr:     It protects you from acid and corrosion.
   Will:      It increases your willpower.
 F - a +5 crystal plate armour
 G - a +3 kite shield (worn)
 H - a +3 tower shield
Jewellery
 a - an amulet of regeneration
 b - the ring of Pessimism {Wiz Will+ Int+4 Slay-6 Stlth+}
   (You found it in the Dungeon)

   [ring of wizardry]

   It improves your spell success rate.
   Int:       It affects your intelligence (+4).
   Slay:      It affects your accuracy & damage with ranged weapons and melee
   (-6).
   Will:      It increases your willpower.
   Stlth:     It makes you more stealthy.
 u - a ring of flight
 v - a +6 ring of dexterity
 w - a +6 ring of dexterity (left claw)
 x - a +6 ring of intelligence
 y - a +6 ring of intelligence
 z - a +6 ring of strength (right claw)
 A - a +6 ring of strength
 J - a ring of wizardry
 K - the ring "Anuel" {rElec SInv}
   (You found it in the Dungeon)

   [ring of see invisible]

   rElec:     It insulates you from electricity.
   SInv:      It lets you see invisible.
 M - the ring "Lomimpyn" {Fly Will+++ Str+3 Dex-4 Stlth+}
   (You found it in the Dungeon)

   [ring of flight]

   Str:       It affects your strength (+3).
   Dex:       It affects your dexterity (-4).
   Fly:       It grants you flight.
   Will:      It greatly increases your willpower.
   Stlth:     It makes you more stealthy.
 N - an amulet of reflection (around neck)
Wands
 c - a wand of digging (4)
 n - a wand of flame (6)
 s - a wand of mindburst (7)
 t - a wand of quicksilver (7)
 B - a wand of charming (10)
 O - a wand of polymorph (4)
Scrolls
 j - 4 scrolls of blinking
 o - 4 scrolls of amnesia
 p - 7 scrolls of fog
 q - 5 scrolls of identify
 r - 2 scrolls of fear
Potions
 d - 6 potions of might
 e - 10 potions of curing
 f - 10 potions of heal wounds
 g - 6 potions of haste
 h - 7 potions of magic
 i - 3 potions of berserk rage
 k - 2 potions of brilliance
 l - 2 potions of invisibility
 m - 4 potions of resistance


   Skills:
 * Level 13.0 Fighting
 * Level 15.3 Axes
 * Level 13.0 Armour
 + Level 8.1 Dodging
 + Level 6.7 Stealth
 + Level 9.8 Shields


You had 8 spell levels left.
You didn't know any spells.
Your spell library contained the following spells:

 Spells                   Type           Power      Damage    Failure   Level
 Foxfire                  Conj/Fire      0%         2x1d4     99%         1
 Sting                    Tmut/Pois      0%         1d3       99%         1
 Passwall                 Tmut/Erth      0%         N/A       100%        2
 Ignite Poison            Fire/Tmut/Pois 0%         N/A       100%        3
 Inner Flame              Hex/Fire       0%         N/A       100%        3
 Mephitic Cloud           Conj/Pois/Air  0%         N/A       100%        3
 Spider Form              Tmut/Pois      0%         N/A       100%        3
 Stone Arrow              Conj/Erth      0%         3d7       100%        3
 Leda's Liquefaction      Hex/Erth       0%         N/A       100%        4
 Petrify                  Tmut/Erth      0%         N/A       100%        4
 Blade Hands              Tmut           0%         N/A       100%        5
 Fireball                 Conj/Fire      0%         3d3       100%        5
 Irradiate                Conj/Tmut      0%         3d11      100%        5
 Lee's Rapid Deconstruct  Erth           0%         3d4*      100%        5
 Eringya's Noxious Bog    Tmut/Pois      0%         N/A       100%        6
 Plasma Beam              Fire/Air       0%         2x1d11    100%        6
 Starburst                Conj/Fire      0%         6d3       100%        6
 Statue Form              Tmut/Erth      0%         N/A       100%        6
 Dragon Form              Tmut           0%         N/A       100%        7
 Shatter                  Erth           0%         3d5*      100%        9


Dungeon Overview and Level Annotations

Branches:
Dungeon (1/1)

Altars:
Ashenzari
Cheibriados
Dithmenos
Elyvilon
Fedhas
Gozag
Hepliaklqana
Kikubaaqudgha
Makhleb
Nemelex Xobeh
Okawaru
Qazlal
Ru
Sif Muna
Trog
Uskayaw
Vehumet
Wu Jian
Xom
Yredelemnul
Zin
The Shining One
Jiyva
Lugonu

Annotations:
D 1 transporter


Innate Abilities, Weirdness & Mutations

You have a pair of horns on your head.
You reflexively headbutt those who attack you in melee.
You have claws for hands.
You expend magic power (3 MP) to strengthen your wands.


Message History

You slice the fire elemental!! You open a gate to Pandemonium!
A demon appears!
The fire elemental is severely damaged.
Visions of slaying the fire elemental flood into your mind.
Your red devil hits the fire elemental with a +0 trident!
You break out of your daze!
The fire elemental is destroyed!
The fire vortex closely misses you.
You hear a distant slurping noise.
Your Fighting skill increases to level 13!
You slash the hell hog! You headbutt the hell hog!
The hell hog is moderately wounded.
You slash the fire vortex!
Visions of slaying the hell hog flood into your mind.
The hell hog bites your red devil!
Your red devil barely misses the hell hog.
The fire vortex misses you.
The fire giant is engulfed in blazing flames.
The efreet hits your hellwing with a +2 scimitar of flaming!
The efreet burns your hellwing. You block the fire elemental's attack.
Your hellwing hits the hell hog! Your hellwing hits the hell hog.
You hit the hell hog.
The hell hog is moderately wounded.
You slash the fire elemental! You slash the fire vortex!
Visions of slaying the fire elemental flood into your mind.
Your red devil barely misses the hell hog.
You block the fire elemental's attack.
Unknown command.
Unknown command.
Unknown command.
You closely miss the hell hog.
The hell hog is moderately wounded.
You barely miss the hell hog. You completely miss the fire elemental.
Visions of slaying the hell hog flood into your mind.
You block the hell hog's attack. x2
The fire giant is engulfed in blazing flames.
The fire giant gestures at you while chanting.
The bolt of fire hits the fire dragon!
The fire dragon resists.
The bolt of fire hits the hell hog.
The hell hog completely resists.
The bolt of fire hits you!!
You die...

▓▓▓▓▓▓▓▓▓▓▓▓▓▓▓▓▓▓▓
▓...8©8...▓...8©8...▓
▓../:°./..▓..[).[...▓
▓..)|:)[..▓...)))...▓
▓...○○....▓.........▓
▓...RRC...▓.†.[†.†..▓
▓...4°D...▓...†.....▓
▓...Eh....▓.........▓
▓...4@hv..▓.........▓
▓.▓...3.▓.▓....©....▓
▓....©....▓▓▓▓▓▓▓▓▓▓▓
▓▓▓▓▓▓▓▓▓▓▓


You could see a fire giant, a fire dragon (ally target), 2 hell hogs, 2 efreet,
a fire elemental, a fire vortex (ally target), a friendly hellwing (summoned), a
friendly smoke demon (summoned) and a friendly red devil (summoned).

Vanquished Creatures
  2 rime drakes (D)
  5 merfolk (D)
  A steam dragon (D)
  An acid dragon (D)
  2 swamp drakes (D)
  2 orc warriors (D)
  2 phantoms (D)
  A necrophage (D)
  A wight (D)
  An orc priest (D)
  4 orc wizards (D)
  2 orcs (D)
  A bat skeleton (D)
  A bat zombie (D)
  A ball python zombie (D)
  A jackal skeleton (D)
28 creatures vanquished.

Vanquished Creatures (collateral kills)
  2 rime drakes (D)
  A fire elemental (D)
  An acid dragon (D)
  2 swamp drakes (D)
  2 orc warriors (D)
  An orc priest (D)
  4 orc wizards (D)
  2 orcs (D)
  A fire vortex (D)
16 creatures vanquished.

Vanquished Creatures (others)
  An azure jelly (D)
  9 jellies (D)
  An orc (D)
11 creatures vanquished.

Grand Total: 55 creatures vanquished

Notes
Turn   | Place    | Note
-------+----------+-------------------------------------------
     0 | D        | EarthwalkerPL the Minotaur Fighter began the quest for the
                  | Orb.
     0 | D        | Reached XP level 1. HP: 19/19 MP: 0/0
     0 | D        | Found a shimmering blue altar of Sif Muna.
     0 | D        | Found a sacrificial altar of Ru.
     0 | D        | Found a bloodstained altar of Trog.
     0 | D        | Found a stormy altar of Qazlal.
     0 | D        | Found an iron altar of Okawaru.
     0 | D        | Found a sparkling altar of Nemelex Xobeh.
     0 | D        | Found a blossoming altar of Fedhas.
     0 | D        | Found the +6 Majin-Bo {spellvamp, MP+6 Int+6}
     0 | D        | Found the +27 heavy crossbow "Sniper" {heavy, Acc+∞ SInv}
     0 | D        | Found the +10 dark maul {heavy}
     0 | D        | Found the +15 Maxwell's patent armour {-Cast -Tele rElec
                  | Will+ rCorr}
     0 | D        | Found the +18 shield of the Gong {Loud rN+ Will+ rCorr
                  | EV-5}
     0 | D        | Found the +16 obsidian axe {drain, demonic, Mesm Drain Fly
                  | SInv}
     0 | D        | Found the +7 great mace "Firestarter" {flame, immolate,
                  | rFlCloud rF++}
     0 | D        | Found the +6 shillelagh "Devastator" {shatter}
     0 | D        | Found the +11 plutonium sword {Contam Stlth-}
     0 | D        | Found the +8 lance "Wyrmbane" {slay drac, rPois rF+ rC+
                  | AC+3}
     0 | D        | Found the +9 sword of Zonguldrok {reap}
     0 | D        | Found the +13 scythe of Curses {drain, curses, Drain}
     0 | D        | Found the +9 sword of Power {lifebolt}
     0 | D        | Found the +7 mace of Variability {chaos, chaos arc}
     0 | D        | Found the +11 Singing Sword {sonic wave}
     0 | D        | Found the +8 storm bow {elec, penet}
     2 | D        | Found a transporter.
     2 | D        | Found an ancient bone altar of Kikubaaqudgha.
     2 | D        | Found a viscous altar of Jiyva.
     2 | D        | Found a corrupted altar of Lugonu.
     2 | D        | Found a hazy altar of Hepliaklqana.
     2 | D        | Found a burning altar of Makhleb.
     2 | D        | Found an opulent altar of Gozag.
     2 | D        | Banished a spatial maelstrom
    12 | D        | Banished a spatial maelstrom
    94 | D        | Became a worshipper of Jiyva Juruden the Shapeless
    95 | D        | Killed an azure jelly
    99 | D        | Reached skill level 9 in Axes
    99 | D        | Reached XP level 2. HP: 26/26 MP: 1/1
   100 | D        | Entered arena 2.
   100 | D        | Noticed a rime drake
   100 | D        | Noticed a swamp drake
   100 | D        | Found a transporter.
   104 | D        | Killed a rime drake
   105 | D        | Reached skill level 11 in Axes
   105 | D        | Reached skill level 5 in Shields
   105 | D        | Reached XP level 3. HP: 12/39 MP: 2/2
   105 | D        | Reached XP level 4. HP: 14/47 MP: 3/3
   105 | D        | Reached XP level 5. HP: 16/52 MP: 4/4
   105 | D        | Killed a swamp drake
   106 | D        | Reached XP level 6. HP: 19/61 MP: 5/5
   246 | D        | Entered arena 3.
   246 | D        | Found the +4 robe of Folly {Brill Will-∞ Int+8}
   246 | D        | Noticed a golden eye
   246 | D        | Noticed a slime creature
   246 | D        | Found a transporter.
   254 | D        | Entered arena 4.
   254 | D        | Found a transporter.
   254 | D        | Reached * piety under Jiyva
   269 | D        | Entered arena 5.
   269 | D        | Found a transporter.
   275 | D        | Reached skill level 12 in Axes
   275 | D        | Reached XP level 7. HP: 63/69 MP: 6/6
   280 | D        | Got the ring of Pessimism {Wiz Will+ Int+4 Slay-6 Stlth+}
   286 | D        | Entered arena 6.
   286 | D        | Noticed a merfolk
   286 | D        | Noticed a merfolk
   286 | D        | Noticed a merfolk
   286 | D        | Noticed a merfolk
   286 | D        | Noticed a merfolk
   286 | D        | Found a transporter.
   291 | D        | Killed a merfolk
   292 | D        | Reached skill level 5 in Dodging
   293 | D        | Killed a merfolk
   294 | D        | Reached XP level 8. HP: 32/79 MP: 7/7
   297 | D        | Killed a merfolk
   298 | D        | Reached skill level 10 in Fighting
   298 | D        | Reached skill level 13 in Axes
   298 | D        | Reached skill level 10 in Armour
   298 | D        | Reached skill level 5 in Stealth
   298 | D        | Killed a merfolk
   299 | D        | Killed a merfolk
   304 | D        | Got the Compendium of the Mantle and the Hornet
   318 | D        | Entered arena 7.
   318 | D        | Reached ** piety under Jiyva
   319 | D        | Found a transporter.
   331 | D        | Got the Commentary on Weird Moulding
   336 | D        | Entered arena 8.
   337 | D        | Found a transporter.
   342 | D        | Reached skill level 14 in Axes
   342 | D        | Reached XP level 9. HP: 89/89 MP: 8/8
   346 | D        | Got the ring "Anuel" {rElec SInv}
   348 | D        | Entered arena 9.
   348 | D        | Found the +12 pair of quick blades "Gyre" and "Gimble"
                  | {protect}
   349 | D        | Found a transporter.
   361 | D        | Got the Precepts of Heated Degeneration
   363 | D        | Got the +3 bardiche of Putrescence {heavy, Fly Str+3}
   372 | D        | Entered arena 10.
   372 | D        | Noticed a shining eye
   372 | D        | Reached *** piety under Jiyva
   372 | D        | Gained mutation: You have sharp fingernails. [Jiyva's
                  | grace]
   372 | D        | Gained mutation: You have very sharp fingernails. [Jiyva's
                  | grace]
   372 | D        | Gained mutation: You have claws for hands. [Jiyva's grace]
   372 | D        | Gained mutation: You expend magic power (3 MP) to
                  | strengthen your wands. [Jiyva's grace]
   373 | D        | Found a transporter.
   379 | D        | Got the ring "Lomimpyn" {Fly Will+++ Str+3 Dex-4 Stlth+}
   382 | D        | Entered arena 11.
   382 | D        | Noticed a rime drake
   382 | D        | Noticed a rime drake
   382 | D        | Noticed a rime drake
   383 | D        | Found a transporter.
   385 | D        | Killed a rime drake
   388 | D        | Killed a rime drake
   394 | D        | Reached skill level 15 in Axes
   396 | D        | Killed a rime drake
   421 | D        | Entered arena 12.
   421 | D        | Noticed a hell hog
   421 | D        | Noticed a fire dragon
   421 | D        | Noticed a hell hog
   422 | D        | Noticed an efreet
   422 | D        | Noticed a fire giant
   422 | D        | Noticed an efreet
   423 | D        | Found a transporter.
   427 | D        | Killed from afar by a fire giant

Illustrated notes

Levels and vault maps discovered:
D:        sprint_v [room_start, room_1, room_2, room_3, room_4, room_5, room_6,
          room_7, room_8, room_9, room_10, room_11, room_12, room_13, room_14,
          room_15, room_16, room_17, room_18, room_19, room_20, room_21,
          room_22, room_23, room_24, room_25, room_26, room_27]

Skill      XL: |  1  2  3  4  5  6  7  8  9 |
---------------+----------------------------+-----
Axes           | 9 11 12 14 15 | 15.3
Fighting       | 7 8 9 11 13 | 13.0
Armour         | 7 8 9 11 13 | 13.0
Dodging        | 3 4 5 6 8 |  8.1
Stealth        | 2 3 4 5 6 |  6.7
Shields        | 5 6 7 8 9 |  9.8

Action                     |  1- 3 |  4- 6 |  7- 9 || total
---------------------------+-------+-------+-------++-------
  Melee: Broad axe         |     2 |    10 |    27 ||    39
         Headbutt          |       |     1 |     1 ||     2
    Use: Potion            |     1 |       |       ||     1
 Armour: Plate armour      |     4 |     5 |    18 ||    27
  Dodge: Dodged            |       |     4 |    19 ||    23
  Block: Kite shield       |     2 |     9 |    30 ||    41
